 Dungeon Crawl Stone Soup version 0.32-a0-643-ga006e7742e (webtiles) character file.

Game seed: 12308383945028188275

266 Fodor the Covered (level 6, -4/53 HPs)
             Began as a Minotaur Fighter on Mar 7, 2024.
             Slain by an orc
             ... wielding a +0 falchion
              (7 damage)
             ... on level 4 of the Dungeon.
             The game lasted 00:06:52 (2184 turns).

Fodor the Covered (Minotaur Fighter)                Turns: 2184, Time: 00:06:53

Health: -4/53      AC:  7    Str: 22    XL:     6   Next: 0%
Magic:  5/5        EV: 10    Int:  5    God:
Gold:   187        SH:  0    Dex: 10    Spells: 5/5 levels left

rFire   + . .        a - +0 war axe
rCold   + + .        (no shield)
rNeg    . . .        b - +0 scale mail
rPois   +            (helmet restricted)
rElec   +            (no cloak)
rCorr   +            (no gloves)
SInv    .            (no boots)
Will    .....        (no amulet) Stlth
                     (no ring)
HPRegen 0.28/turn    (no ring)
MPRegen 0.09/turn

%: no passive effects
@: resistant
A: horns 2, retaliatory headbutt, cold resistance 1, screaming 1
a: no special abilities


You were on level 4 of the Dungeon.
You visited 1 branch of the dungeon, and saw 4 of its levels.

You collected 187 gold pieces.

Inventory:

Hand Weapons
 a - a +0 war axe (weapon)
 g - a +0 orcbow
Armour
 b - a +0 scale mail (worn)
 c - a +0 buckler
Scrolls
 e - 3 scrolls of identify {unknown}
 f - a scroll of teleportation {unknown}
 h - 4 scrolls of noise {unknown}
 j - a scroll of fog {unknown}
Potions
 i - a potion of brilliance
 k - 3 potions of ambrosia


   Skills:
 + Level 4.6 Fighting
 + Level 3.5 Axes
 + Level 3.7 Ranged Weapons
 + Level 4.9 Armour
 + Level 1.1 Dodging
 + Level 4.0 Shields


You had 5 spell levels left.
You didn't know any spells.
Your spell library contained the following spells:

 Spells                   Type           Power      Damage    Failure   Level
 Apportation              Tloc           0%         N/A       78%         1
 Summon Small Mammal      Summ           0%         N/A       78%         1
 Blink                    Tloc           0%         N/A       89%         2
 Lesser Beckoning         Tloc           0%         N/A       89%         2
 Momentum Strike          Conj/Tloc      0%         3d8       89%         2
 Call Canine Familiar     Summ           0%         N/A       98%         3
 Teleport Other           Tloc           0%         N/A       98%         3
 Summon Blazeheart Golem  Fire/Summ      0%         N/A       100%        4
 Dispersal                Tloc           0%         N/A       100%        6
 Sculpt Simulacrum        Ice/Alch       0%         N/A       100%        6


Dungeon Overview and Level Annotations

Branches:
Dungeon (4/15)
 Temple: D:4-7

Altars:
Zin


Innate Abilities, Weirdness & Mutations

You have a pair of horns on your head.
You reflexively headbutt those who attack you in melee.
Your flesh is cold resistant. (rC+)
You occasionally shout uncontrollably at your foes.


Message History

You closely miss the orc. The orc hits you with a +0 falchion.
The orc closely misses you.
You barely miss the orc. You hit the orc but do no damage.
The orc barely misses you. The orc misses you.
You slash the orc!
You kill the orc!
You closely miss the orc.
A hound comes into view.
The orc hits you with a +0 falchion.
The hound moves out of view.
The orc hits you with a +0 falchion.
Things that are here:
a +0 hand axe; the +3 chain mail of Soeqargho {rPois Stlth+}; a +2 heavy war axe The orc hits you with a +0 falchion.
You closely miss the orc. Your headbutt misses the orc.
The orc hits you with a +0 falchion. The orc barely misses you.
You barely miss the orc. The orc hits you with a +0 falchion!
* * * LOW HITPOINT WARNING * * *
The hound closely misses you.
You closely miss the orc. Your headbutt misses the orc. You slash the hound!
The hound bites you but does no damage. The orc hits you but does no damage.
The hound completely misses you.
You closely miss the orc. You slash the hound!
You kill the hound!
The orc closely misses you. The orc misses you.
You have reached level 6!
You barely miss the orc. The orc hits you with a +0 falchion.
* * * LOW HITPOINT WARNING * * *
You barely miss the orc. The orc barely misses you.
You completely miss the orc. Your headbutt misses the orc.
The orc hits you with a +0 falchion.
* * * LOW HITPOINT WARNING * * *
The orc hits you with a +0 falchion.
* * * LOW HITPOINT WARNING * * *
Unknown command.
You barely miss the orc. Your headbutt misses the orc. The orc misses you.
Unknown command.
It was a potion of resistance.
You feel protected. The orc hits you with a +0 falchion!
You die...

#####.#
#.....# .....
#.##### .....
#.# ......
#.# ......
#.#####......
#.##..$....#
#.##o..$...#.
#..))@.......
####.........
#.......#.
#.......#
#######... ..
.


You could see an orc.

Vanquished Creatures
  A hound (D:4)
  An iguana (D:4)
  An orc wizard (D:3)
  7 gnolls
  5 adders
  9 orcs
  7 endoplasms
  A giant cockroach (D:2)
  2 goblins
  5 hobgoblins
  4 kobolds
  2 quokkas
  9 ball pythons
  5 bats (D:1)
  3 frilled lizards (D:1)
  8 rats
70 creatures vanquished.

Notes
Turn   | Place    | Note
-------+----------+-------------------------------------------
     0 | D:1      | Fodor the Minotaur Fighter began the quest for the Orb.
     0 | D:1      | Reached XP level 1. HP: 19/19 MP: 0/0
    68 | D:1      | Reached XP level 2. HP: 27/27 MP: 1/1
   145 | D:1      | Got the Compendium of the Turnip
   867 | D:2      | Reached skill level 1 in Ranged Weapons
   867 | D:2      | Reached XP level 3. HP: 27/33 MP: 2/2
  1035 | D:2      | Reached XP level 4. HP: 35/40 MP: 3/3
  1099 | D:2      | Found a faded altar of an unknown god.
  1561 | D:3      | Reached XP level 5. HP: 9/47 MP: 4/4
  1769 | D:3      | HP: 2/47 [orc/+0 flail (4)]
  1772 | D:3      | Gained mutation: Your flesh is cold resistant. (rC+)
                  | [potion of mutation]
  1772 | D:3      | Gained mutation: You occasionally shout uncontrollably at
                  | your foes. [potion of mutation]
  1899 | D:3      | Found a glowing silver altar of Zin.
  1899 | D:3      | Noticed an angel
  2125 | D:4      | Reached skill level 1 in Dodging
  2167 | D:4      | Identified the +3 chain mail of Soeqargho {rPois Stlth+}
  2180 | D:4      | Reached XP level 6. HP: 14/53 MP: 5/5
  2184 | D:4      | Slain by an orc

Illustrated notes

Levels and vault maps discovered:
D:1:      eino_arrival_water_cross, layout_basic, minivault_27
D:2:      layout_basic, ebering_ecumenical_altar_hall, minmay_3d_cube
D:3:      layout_rooms, zin_angel, st_stairs_12
D:4:      layout_basic, st_stairs_5

Skill      XL: |  1  2  3  4  5 |
---------------+----------------+-----
Fighting       | 4 |  4.6
Shields        | 4 |  4.0
Ranged Weapons | 1 2 3 |  3.7
Armour         | 4 |  4.9
Axes           | 3 |  3.5
Dodging        | 1 |  1.1

Action                     |  1- 3 |  4- 6 || total
---------------------------+-------+-------++-------
  Melee: War axe           |    29 |    49 ||    78
         Headbutt          |     3 |     6 ||     9
   Fire: Orcbow            |    28 |    53 ||    81
    Use: Potion            |       |     5 ||     5
 Armour: Scale mail        |    45 |   115 ||   160
  Dodge: Dodged            |    23 |    68 ||    91
  Block: Buckler           |     7 |       ||     7

Table legend: (Time is in decaauts)
 A = Elapsed time spent in this place.
 B = Non-inter-level travel time spent in this place.
 C = Inter-level travel time spent in this place.
 D = Time resting spent in this place.
 E = Time spent auto-exploring this place.
 F = Levels seen in this place.
 G = Mean time per level.
                   A        B        C        D        E       F      G
               +--------+--------+--------+--------+--------+-----+--------+
         Total |   2251 |   2241 |     10 |    172 |   1432 |   4 |  562.8 |
       Dungeon |   2251 |   2241 |     10 |    172 |   1432 |   4 |  562.8 |
               +--------+--------+--------+--------+--------+-----+--------+

Top non-repeatable levels by time:
     D:2: 877 daAuts
     D:1: 849 daAuts
     D:3: 413 daAuts
     D:4: 112 daAuts
